 Dungeon Crawl Stone Soup version 0.29-a0-821-g66395355a5 (webtiles) character file.

Game seed: 12356136084774045417

26 tizbic2 the Shooter (level 3, -2/30 HPs)
             Began as a Meteoran Hunter on July 8, 2022.
             Slain by a quokka (4 damage)
             ... on level 1 of the Dungeon.
             The game lasted 00:03:51 (466 turns).

tizbic2 the Shooter (Meteoran Hunter)                Turns: 466, Time: 00:03:51

Health: -2/30      AC:  8    Str: 13    XL:     3   Next: 41%
Magic:  4/4        EV:  6    Int: 12    God:
Gold:   42         SH:  0    Dex: 17    Spells: 2/2 levels left

rFire   + . .      SeeInvis .   h - staff of fire
rCold   . . .      Faith    .   (no shield)
rNeg    . . .      Spirit   .   d - +0 chain mail
rPois   .          Reflect  .   (no helmet)
rElec   .          Harm     .   (no cloak)
rCorr   .          Rampage  .   (no gloves)
Will    .....                   (no boots)
Stlth   ..........              (no amulet)
HPRegen 0.10/turn               (no ring)
MPRegen 0.09/turn               (no ring)

@: glowing
A: sense surroundings 1, otherworldly, glowing, explore regen
a: no special abilities


You were on level 1 of the Dungeon.
You visited 1 branch of the dungeon, and saw 1 of its levels.

You collected 42 gold pieces.

Inventory:

Hand Weapons
 a - a +0 shortbow
Armour
 d - a +0 chain mail (worn)
Magical Staves
 h - a staff of fire (weapon)
Scrolls
 b - a scroll of immolation
Potions
 e - a potion of heal wounds


   Skills:
 + Level 2.5 Fighting
 + Level 4.6 Ranged Weapons
 - Level 1.4 Armour
 - Level 2.7 Dodging
 - Level 0.6 Stealth
 * Level 0.9 Fire Magic
 * Level 0.7 Evocations


You had 2 spell levels left.
You didn't know any spells.
Your spell library was empty.

Dungeon Overview and Level Annotations

Branches:
Dungeon (1/15) Zot: 107

Altars:


Innate Abilities, Weirdness & Mutations

You passively map a small area around you.
You are easily found by Zot.
You glow in the dark.
You regain HP and MP as you explore.


Message History

The kobold hits you with a +0 club. The giant cockroach closely misses you.
You hit the giant cockroach.
The giant cockroach is heavily wounded.
The giant cockroach bites you but does no damage.
The kobold hits you but does no damage.
You barely miss the giant cockroach.
The giant cockroach is heavily wounded.
The giant cockroach bites you but does no damage.
The kobold hits you with a +0 club.
You hit the giant cockroach.
You kill the giant cockroach!
The kobold hits you but does no damage.
You hit the kobold.
The kobold is severely wounded.
The kobold hits you but does no damage. The kobold hits you with a +0 club.
* * * LOW HITPOINT WARNING * * *
You hit the kobold but do no damage.
The kobold is severely wounded.
The kobold hits you with a +0 club.
* * * LOW HITPOINT WARNING * * *
You hit the kobold.
You kill the kobold!
The quokka bites you.
* * * LOW HITPOINT WARNING * * *
You closely miss the quokka. The quokka bites you.
* * * LOW HITPOINT WARNING * * *
You miss the quokka. The quokka barely misses you.
The quokka bites you but does no damage.
You barely miss the quokka. The quokka completely misses you.
You miss the quokka.
The quokka bites you but does no damage.
The quokka closely misses you.
You hit the quokka.
The quokka is severely wounded.
The quokka bites you.
* * * LOW HITPOINT WARNING * * *
You barely miss the quokka.
The quokka is severely wounded.
The quokka barely misses you. The quokka bites you.
You die...

.####....#.##...#.#.#.###
#.# .#
#....#........#†#.#.####.#
.#
#....####...[##.#.#...)..#
.#
##.#..............#.######
.# #.#######.#..#.###.# .#
#.# #.....#.....# .# #.#
#.....####### .# #.*
#.#..†.# .# * #...@#.#
.#####. * ####r#.#
........ #...# ** **
........ ..........#
........, .######...#** ,
* * .......?, * ##..#*, ,
........ * ...* .......!
,, ,, #..# * ######## ,,
..#


You could see a quokka.

Vanquished Creatures
  4 dart slugs (D:1)
  2 endoplasms (D:1)
  A giant cockroach (D:1)
  3 goblins (D:1)
  2 kobolds (D:1)
  2 quokkas (D:1)
  A ball python (D:1)
  A bat (D:1)
  2 rats (D:1)
18 creatures vanquished.

Notes
Turn   | Place    | Note
-------+----------+-------------------------------------------
     0 | D:1      | tizbic2 the Meteoran Hunter began the quest for the Orb.
     0 | D:1      | Reached XP level 1. HP: 17/17 MP: 2/2
   135 | D:1      | Reached skill level 1 in Armour
   135 | D:1      | Reached XP level 2. HP: 25/25 MP: 3/3
   343 | D:1      | Reached XP level 3. HP: 29/30 MP: 4/4
   466 | D:1      | Slain by a quokka

Illustrated notes

Levels and vault maps discovered:
D:1:      ncdulo_smallfort, layout_basic

Skill      XL: |  1 |
---------------+----+-----
Armour         | 1 |  1.4
Fighting       | |  2.5
Ranged Weapons | |  4.6
Dodging        | |  2.7
Stealth        | |  0.6
Fire Magic     | |  0.9
Evocations     | |  0.7

Action                   || total
-------------------------++-------
Melee: Unarmed           ||    17
       Staff             ||    50
 Fire: Shortbow          ||    22
  Use: Scroll            ||     1
Armor: Chain mail        ||    69
Dodge: Dodged            ||    36

Table legend: (Time is in decaauts)
 A = Elapsed time spent in this place.
 B = Non-inter-level travel time spent in this place.
 C = Inter-level travel time spent in this place.
 D = Time resting spent in this place.
 E = Time spent auto-exploring this place.
 F = Levels seen in this place.
 G = Mean time per level.
                   A        B        C        D        E       F      G
               +--------+--------+--------+--------+--------+-----+--------+
         Total |    491 |    486 |      5 |     90 |      0 |   1 |  491.0 |
       Dungeon |    491 |    486 |      5 |     90 |      0 |   1 |  491.0 |
               +--------+--------+--------+--------+--------+-----+--------+

Top non-repeatable levels by time:
     D:1: 491 daAuts
